 Dungeon Crawl Stone Soup version 0.27.1-33-g824d729ab1 (webtiles) character file.

Game seed: 12611224367689318742

7 raph the Magician (level 2, -1/22 HPs)
             Began as a Djinni Fire Elementalist on Dec 5, 2021.
             Slain by a jackal (2 damage)
             ... on level 1 of the Dungeon.
             The game lasted 00:00:40 (458 turns).

raph the Magician (Djinni Fire Elementalist)         Turns: 458, Time: 00:00:41

Health: -1/22      AC:  2    Str:  7    XL:     2   Next: 10%
Gold:   10         EV: 12    Int: 16    God:
                   SH:  0    Dex: 13

rFire    + + .     SeeInvis .   (no weapon)
rCold    x . .     Faith    .   (no shield)
rNeg     . . .     Spirit   .   a - +0 robe
rPois    ∞         Reflect  .   (no helmet)
rElec    .         Harm     .   (no cloak)
rCorr    .         Rampage  .   (no gloves)
Will     .....                  (boots unavailable)
Stlth    ++........             (no amulet)
HPRegen  0.07/turn              (no ring)
MPRegen  0.00/turn              (no ring)

@: flying
A: sickness immunity, fire resistance 2, cold vulnerability 1, float, innate
caster, hp casting, extra vitality 1
a: no special abilities


You were on level 1 of the Dungeon.
You visited 1 branch of the dungeon, and saw 1 of its levels.

You collected 10 gold pieces.

Inventory:

Armour
 a - a +0 robe (worn)


   Skills:
 + Level 1.0 Fighting
 - Level 2.1 Dodging
 - Level 1.5 Stealth
 + Level 2.6 Spellcasting


You couldn't memorise any spells.
You knew the following spells:

 Your Spells              Type           Power      Damage    Failure   Level
a - Foxfire               Conj/Fire      40%        2x1d6     7%          1
b - Conjure Flame         Conj/Fire      10%        6-21      21%         3
c - Inner Flame           Hex/Fire       10%        N/A       21%         3
d - Sticky Flame          Conj/Fire      10%        2d3       54%         4
e - Fireball              Conj/Fire      5%         3d5       88%         5
Your spell library was empty.

Dungeon Overview and Level Annotations

Branches:
Dungeon (1/15)

Altars:


Innate Abilities, Weirdness & Mutations

You are immune to sickness and miasma.
You are immune to poison.
Your flesh is very heat resistant. (rF++)
You are vulnerable to cold. (rC-)
You float through the air rather than walking.
You learn spells naturally, not from books.
Your magical power is your life essence.
You have superior vitality. (+4 HP)


Message History

The foxfire hits the giant cockroach.
The giant cockroach is heavily wounded.
The giant cockroach completely misses you.
Casting: Foxfire (safe; 7% risk of failure)
Confirm with . or Enter, or press ? or * to list all spells.
You conjure some foxfire!
* * * LOW HITPOINT WARNING * * *
The jackal barely misses you.
The giant cockroach bites you but does no damage.
The foxfire hits the giant cockroach but does no damage.
The giant cockroach is moderately wounded.
The foxfire hits the giant cockroach but does no damage.
The giant cockroach is moderately wounded.
The jackal bites you.
* * * LOW HITPOINT WARNING * * *
Casting: Foxfire (safe; 7% risk of failure)
Confirm with . or Enter, or press ? or * to list all spells.
You conjure some foxfire!
* * * LOW HITPOINT WARNING * * *
The jackal completely misses you.
The giant cockroach bites you but does no damage.
You hit the jackal.
The jackal is heavily wounded.
The foxfire hits the jackal.
The jackal is almost dead.
The foxfire hits the giant cockroach.
You kill the giant cockroach!
The jackal misses you.
The jackal bites you but does no damage.
Your Fighting skill increases to level 1!
You closely miss the jackal.
The jackal is almost dead.
The jackal barely misses you.
You barely miss the jackal.
The jackal is almost dead.
The jackal closely misses you.
You completely miss the jackal.
The jackal is almost dead.
The jackal closely misses you. The jackal bites you.
You die...

#......#.####.........#
#.#...##....#...###...#
###...>....##.'...#†#.<.#
#.....#########...###...#
#.#.#.# #.........#
#§v...# ###########
######'########
#.....)........#
#............h@#
#....[.........#
################


You could see a jackal.

Vanquished Creatures
  2 giant cockroaches (D:1)
  A hobgoblin (D:1)
  A jackal (D:1)
  A frilled lizard (D:1)
  2 goblins (D:1)
7 creatures vanquished.

Vanquished Creatures (others)
  21 foxfires (D:1)
21 creatures vanquished.

Grand Total: 28 creatures vanquished

Notes
Turn   | Place    | Note
-------+----------+-------------------------------------------
     0 | D:1      | raph the Djinni Fire Elementalist began the quest for the
                  | Orb.
     0 | D:1      | Reached XP level 1. HP: 15/15 MP: 0/0
   450 | D:1      | Reached XP level 2. HP: 5/22 MP: 0/0
   456 | D:1      | Reached skill level 1 in Fighting
   458 | D:1      | Slain by a jackal

Illustrated notes

Levels and vault maps discovered:
D:1:      nicolae_arrival_memento_mori, layout_basic,
          shapermc_ecumenical_altar_starsandcircs, minmay_quantized

Skill      XL: |  1  2 |
---------------+-------+-----
Fighting       | 1 |  1.0
Dodging        | |  2.1
Stealth        | |  1.5
Spellcasting   | |  2.6

Action                   || total
-------------------------++-------
Melee: Unarmed           ||     4
 Cast: Foxfire           ||    12
Armor: Robe              ||     8
Dodge: Dodged            ||    19
